 Dungeon Crawl Stone Soup version 0.27.0-1-g7a089689b8 (webtiles) character file.

Game seed: 3429073193583886114

2 funkygono the Firebug (level 1, -2/10 HPs)
             Began as a Gargoyle Fire Elementalist on Aug 17, 2021.
             Slain by a jackal (3 damage)
             ... on level 1 of the Dungeon.
             The game lasted 00:00:18 (52 turns).

funkygono the Firebug (Gargoyle Fire Elementalist)    Turns: 52, Time: 00:00:19

Health: -2/10      AC:  4    Str: 11    XL:     1   Next: 40%
Magic:  0/3        EV: 11    Int: 15    God:
Gold:   0          SH:  0    Dex: 10    Spells: 3/4 levels left

rFire    . . .     SeeInvis .   (no weapon)
rCold    . . .     Faith    .   (no shield)
rNeg     + . .     Spirit   .   a - +0 robe
rPois    ∞         Reflect  .   (no helmet)
rElec    +         Harm     .   (no cloak)
rCorr    .         Rampage  .   (no gloves)
Will     .....                  (no boots)
Stlth    ++........             (no amulet)
HPRegen  0.03/turn              (no ring)
MPRegen  0.08/turn              (no ring)

@: no status effects
A: sickness immunity, AC +2, negative energy resistance 1, electricity
resistance, torment resistance 1, petrification resistance
a: no special abilities


You were on level 1 of the Dungeon.
You visited 1 branch of the dungeon, and saw 1 of its levels.

Inventory:

Armour
 a - a +0 robe (worn)


   Skills:
 + Level 1.5 Dodging
 - Level 2.1 Stealth
 + Level 2.0 Spellcasting
 + Level 1.1 Conjurations
 + Level 3.2 Fire Magic


You had 3 spell levels left.
You knew the following spells:

 Your Spells              Type           Power      Damage    Failure   Level
a - Foxfire               Conj/Fire      28%        2x1d5     10%         1

Your spell library contained the following spells:

 Spells                   Type           Power      Damage    Failure   Level
 Conjure Flame            Conj/Fire      7%         6-21      28%         3
 Inner Flame              Hex/Fire       6%         N/A       34%         3
 Sticky Flame             Conj/Fire      7%         2d3       67%         4
 Fireball                 Conj/Fire      3%         3d4       95%         5


Dungeon Overview and Level Annotations

Branches:
Dungeon (1/15)

Altars:


Innate Abilities, Weirdness & Mutations

You are immune to sickness and miasma.
Your stone body is resilient. (AC +2)
You are immune to poison.
You resist negative energy. (rN+)
You are resistant to electric shocks. (rElec)
You are resistant to unholy torment.
You are immune to petrification.


Message History

You don't have enough magic to cast this spell.
Casting: Foxfire (safe; 10% risk of failure)
Confirm with . or Enter, or press ? or * to list all spells.
You don't have enough magic to cast this spell.
Unknown command.
Your magical contamination has completely faded away.
You see here a scroll labelled CYBLOBRIJ QECS.
The jackal barely misses you. The jackal barely misses you.
The jackal bites you but does no damage.
Casting: Foxfire (safe; 10% risk of failure)
Confirm with . or Enter, or press ? or * to list all spells.
You conjure some foxfire!
The jackal bites you but does no damage.
The foxfire hits the jackal.
The jackal is moderately wounded.
The foxfire hits the jackal.
The jackal is almost dead.
You hit the jackal but do no damage.
The jackal is almost dead.
The jackal bites you. The jackal closely misses you.
You hit the jackal.
You kill the jackal!
The jackal bites you.
The jackal bites you but does no damage.
The jackal closely misses you.
The jackal bites you but does no damage.
The jackal misses you.
Casting: Foxfire (safe; 10% risk of failure)
Confirm with . or Enter, or press ? or * to list all spells.
You conjure some foxfire!
The jackal bites you. x2
* * * LOW HITPOINT WARNING * * *
The foxfire hits the jackal but does no damage.
The jackal is severely wounded.
The foxfire hits the jackal.
The jackal is almost dead.
You hit the jackal but do no damage.
The jackal is almost dead.
The jackal bites you.
You die...

###### #....####
######.#.#.##
+..#..###.#.# ###
#§<#.#.#.#.## ....
+@h..##....#
.....#..######..#
(....####....#..#####.#
.........# #[.........#
##.......# #....#######
.....>...###.#.##
####.....?.....#
##...#####.## #....##
##.#


You could see a jackal.

Vanquished Creatures
  2 jackals (D:1)
2 creatures vanquished.

Vanquished Creatures (others)
  7 foxfires (D:1)
7 creatures vanquished.

Grand Total: 9 creatures vanquished

Notes
Turn   | Place    | Note
-------+----------+-------------------------------------------
     0 | D:1      | funkygono the Gargoyle Fire Elementalist began the quest
                  | for the Orb.
     0 | D:1      | Reached XP level 1. HP: 10/10 MP: 3/3
    52 | D:1      | Slain by a jackal

Illustrated notes

Levels and vault maps discovered:
D:1:      dpeg_arrival_ratfight, layout_loops_ring

Action                   || total
-------------------------++-------
Melee: Unarmed           ||     3
 Cast: Foxfire           ||     4
Armor: Robe              ||     4
Dodge: Dodged            ||     7
